Map: Zen LE

Players

Raven

  • Race: Protoss Protoss
  • League: Silver
  • Spawn Location: 1:00

ViBE - Winner!

  • Race: Protoss Protoss
  • League: Silver
  • Spawn Location: 7:00

VOD

https://www.youtube.com/watch?v=kuS_PgtyAP8&list=PLFeZeom2b4DmHduNHeFj-6PfoasuSQn3P&index=2

Description

Time

  • Played on: Dec. 5, 2019, 6:19 p.m.
  • Length: 22:37
Show
View Real Time Build Order
Export as new Build Order

Raven Protoss 

Build Orders:  

Get SALT Encoding   

  12  0:01  Probe  
  13  0:14  Pylon  
  13  0:18  Probe (Chrono Boost)  
  15  0:30  Probe (Chrono Boost)  
  15  0:33  Gateway  
  15  0:36  Probe (Chrono Boost)  
  16  0:48  Probe  
  17  0:50  Pylon  
  17  1:00  Probe  
  18  1:04  Pylon  
  18  1:12  Probe  
  19  1:19  Assimilator  
  19  1:21  Zealot  
  21  1:26  Cybernetics Core  
  21  1:28  Probe (Chrono Boost)  
  22  1:38  Probe (Chrono Boost)  
  23  1:42  Probe (Chrono Boost)  
  24  1:51  Pylon  
  24  1:54  Probe  
  24  1:58  Assimilator  
  25  2:03  Warp Gate  
  25  2:05  Zealot  
  25  2:06  Probe  
  28  2:18  Probe (Chrono Boost), Pylon  
  30  2:30  Probe (Chrono Boost)  
  30  2:32  Stalker  
  30  2:35  Probe (Chrono Boost)  
  33  2:45  Probe  
  34  3:02  Stalker  
  34  3:18  Forge  
  34  3:27  Gateway x2  
  34  3:32  Stalker  
  34  3:36  Pylon  
  32  4:07  Gateway  
  32  4:09  Gateway  
  32  4:10  Twilight Council  
  32  4:13  Pylon  
  32  4:17  Pylon  
  32  4:33  Photon Cannon, Stalker  
  32  4:34  Stalker  
  32  4:35  Zealot  
  38  4:39  Photon Cannon  
  32  4:54  Zealot  
  32  4:55  Zealot  
  32  4:56  Zealot  
  32  4:58  Photon Cannon  
  32  5:02  Pylon  
  30  5:12  Stalker  
  32  5:14  Sentry  
  32  5:21  Stalker  
  30  5:39  Photon Cannon  
  30  5:41  Photon Cannon  
  28  5:44  Stalker  
  30  5:52  Stalker  
  32  6:10  Pylon  
  32  6:11  Dark Shrine  
  32  6:15  Sentry  
  32  6:16  Stalker  
  36  6:23  Pylon  
  36  6:31  Photon Cannon  
  36  6:40  Stalker  
  34  7:07  Zealot x2  
  35  7:08  Zealot  
  33  7:29  Dark Templar  
  33  7:30  Dark Templar  
  33  7:34  Dark Templar  
  33  8:04  Stalker  
  35  8:05  Dark Templar  
  35  8:07  Sentry  
  31  8:33  Stalker  
  31  8:34  Stalker  
  33  8:36  Sentry  
  33  8:41  Sentry  
  35  9:14  Dark Templar x2  
  33  9:17  Zealot  
  33  9:23  Sentry  
  27  9:47  Zealot  
  27  9:48  Zealot  
  31  10:24  Nexus  
  31  10:33  Charge  
  31  10:48  Zealot  
  33  11:03  Zealot  
  35  11:14  Zealot  
  37  11:25  Zealot  
  39  11:38  Probe (Chrono Boost)  
  40  11:50  Probe (Chrono Boost), Zealot  
  43  11:55  Probe (Chrono Boost), Zealot  
  43  11:57  Zealot  
  48  12:03  Dark Templar  
  50  12:16  Probe (Chrono Boost)  
  50  12:17  Pylon  
  50  12:22  Assimilator  
  51  12:26  Assimilator  
  51  12:27  Probe (Chrono Boost)  
  52  12:32  Probe (Chrono Boost)  
  52  12:33  Dark Templar  
  55  12:42  Probe, Zealot  
  58  12:48  Pylon  
  58  12:50  Zealot  
  60  12:52  Zealot  
  60  12:55  Probe  
  60  12:58  Dark Templar  
  65  13:03  Zealot  
  67  13:14  Stargate  
  67  13:16  Stalker  
  69  13:20  Zealot  
  71  13:30  Probe (Chrono Boost)  
  72  13:37  Zealot  
  72  13:40  Probe (Chrono Boost)  
  75  13:45  Probe (Chrono Boost)  
  76  13:52  Zealot x2  
  76  13:53  Zealot  
  82  13:56  Probe  
  82  13:57  Dark Templar  
  85  14:08  Probe  
  74  14:22  Dark Templar x2  
  74  14:23  Dark Templar  
  80  14:25  Pylon  
  50  14:53  Dark Templar x2  
  54  15:18  Pylon  
  54  15:20  Pylon  
  52  15:21  Pylon  
  52  15:23  Probe (Chrono Boost)  
  47  15:33  Probe (Chrono Boost), Zealot  
  47  15:34  Zealot x2  
  54  15:38  Probe (Chrono Boost)  
  53  15:50  Probe  
  53  15:55  Fleet Beacon  
  46  15:57  Gateway  
  46  16:00  Gateway  
  46  16:01  Gateway  
  46  16:03  Dark Templar, Gateway  
  46  16:18  Dark Templar  
  44  16:19  Zealot  
  46  16:32  Probe  
  45  16:37  Zealot  
  45  16:39  Stalker  
  49  16:44  Probe  
  50  16:57  Mothership  
  50  17:00  Stalker  
  60  17:02  Zealot  
  60  17:39  Nexus  
  60  17:43  Assimilator  
  60  17:47  Assimilator  
  60  17:51  Pylon  
  60  17:52  Zealot  
  60  17:53  Zealot x2  
  60  17:56  Sentry x2  
  66  18:09  Zealot  
  68  18:16  Dark Templar  
  68  18:17  Dark Templar  
  70  18:20  Zealot  
  49  18:37  Zealot  
  49  18:38  Zealot  
  49  18:39  Zealot  
  49  18:40  Zealot x2  
  57  18:41  Zealot  
  57  18:42  Zealot  
  61  18:55  Probe (Chrono Boost)  
  62  19:03  Stalker  
  62  19:04  Sentry  
  62  19:05  Probe (Chrono Boost), Sentry  
  62  19:09  Sentry  
  71  19:10  Probe (Chrono Boost)  
  72  19:25  Dark Templar  
  72  19:27  Zealot  
  76  19:31  Sentry  
  78  19:41  Probe (Chrono Boost)  
  77  19:51  Probe (Chrono Boost)  
  78  20:02  Stalker  
  78  20:03  Zealot  
  78  20:05  Sentry  
  84  20:13  Zealot  
  86  20:34  Zealot x2  
  86  20:43  Gateway  
  86  21:10  Cybernetics Core  
  70  21:43  Probe  
  47  21:57  Zealot  
  47  21:58  Zealot x2  
  47  21:59  Zealot  
  55  22:14  Zealot  
  55  22:15  Zealot  
  59  22:16  Zealot  
Show
View Real Time Build Order
Export as new Build Order

ViBE Protoss - Winner!

Build Orders: 1 Gate Expand 

Get SALT Encoding   

  12  0:01  Probe  
  13  0:13  Probe  
  14  0:21  Pylon  
  14  0:25  Probe  
  15  0:39  Probe  
  16  0:43  Gateway  
  16  0:51  Assimilator, Probe  
  17  1:03  Probe  
  18  1:15  Probe (Chrono Boost)  
  19  1:25  Probe (Chrono Boost)  
  20  1:30  Probe (Chrono Boost), Nexus  
  21  1:41  Probe  
  21  1:42  Cybernetics Core  
  22  1:51  Assimilator  
  22  1:53  Probe  
  23  1:57  Pylon  
  23  2:15  Probe (Chrono Boost)  
  24  2:18  Stalker (Chrono Boost)  
  26  2:24  Probe (Chrono Boost)  
  26  2:29  Probe (Chrono Boost)  
  28  2:41  Probe  
  28  2:43  Probe  
  27  2:51  Shield Battery  
  25  2:52  Stalker (Chrono Boost)  
  25  2:55  Probe (Chrono Boost)  
  25  2:57  Probe (Chrono Boost)  
  28  3:06  Probe (Chrono Boost)  
  28  3:08  Probe (Chrono Boost)  
  28  3:10  Probe (Chrono Boost)  
  28  3:11  Warp Gate  
  29  3:17  Probe  
  28  3:21  Probe  
  28  3:24  Pylon  
  28  3:29  Probe (Chrono Boost)  
  29  3:38  Probe (Chrono Boost)  
  30  3:42  Probe (Chrono Boost)  
  30  3:47  Probe (Chrono Boost)  
  30  3:48  Probe (Chrono Boost)  
  32  3:54  Shield Battery  
  32  3:56  Probe  
  32  3:57  Probe  
  34  4:03  Stalker  
  34  4:08  Probe  
  34  4:09  Probe  
  38  4:18  Nexus  
  38  4:20  Probe  
  38  4:22  Probe  
  40  4:32  Probe  
  40  4:33  Stalker  
  40  4:34  Probe  
  40  4:37  Robotics Facility, Gateway  
  44  4:44  Probe  
  45  4:46  Probe  
  42  4:56  Probe, Pylon  
  42  4:58  Pylon  
  42  4:59  Probe  
  40  5:09  Probe (Chrono Boost)  
  40  5:11  Probe (Chrono Boost)  
  36  5:15  Stalker  
  38  5:21  Probe (Chrono Boost)  
  38  5:23  Probe (Chrono Boost)  
  38  5:26  Immortal  
  38  5:28  Probe x2 (Chrono Boost)  
  43  5:31  Probe (Chrono Boost)  
  43  5:35  Probe  
  45  5:37  Probe (Chrono Boost)  
  45  5:38  Stalker  
  49  5:44  Probe (Chrono Boost)  
  49  5:47  Probe (Chrono Boost)  
  49  5:49  Probe (Chrono Boost)  
  52  5:55  Probe (Chrono Boost)  
  54  5:57  Probe (Chrono Boost)  
  54  5:58  Probe (Chrono Boost)  
  54  6:00  Probe (Chrono Boost)  
  54  6:02  Probe (Chrono Boost)  
  54  6:03  Assimilator  
  54  6:04  Probe  
  57  6:05  Assimilator  
  57  6:09  Probe  
  59  6:13  Probe  
  59  6:16  Probe  
  61  6:21  Probe  
  61  6:25  Probe  
  63  6:28  Probe  
  64  6:33  Probe  
  64  6:37  Probe  
  66  6:40  Probe  
  66  6:45  Probe  
  68  6:47  Stalker x2  
  68  6:50  Immortal  
  76  6:56  Probe  
  76  6:57  Probe x2  
  71  7:05  Gateway  
  71  7:06  Gateway  
  71  7:08  Probe, Gateway  
  71  7:10  Probe x2, Gateway  
  71  7:13  Pylon  
  74  7:15  Pylon  
  74  7:16  Pylon  
  74  7:17  Stalker  
  74  7:18  Stalker  
  74  7:20  Probe, Pylon  
  74  7:22  Probe x2  
  77  7:33  Probe  
  77  7:34  Probe x2  
  82  7:43  Stalker x2  
  80  7:47  Observer (Chrono Boost)  
  71  8:02  Stalker x3  
  71  8:04  Probe x3  
  78  8:10  Stalker x2  
  78  8:11  Immortal (Chrono Boost), Stalker  
  79  8:16  Nexus  
  79  8:17  Pylon  
  77  8:22  Probe x3  
  78  8:27  Stalker x2  
  78  8:28  Stalker  
  78  8:34  Probe x3  
  84  8:38  Assimilator x2  
  85  8:44  Stalker  
  85  8:45  Stalker x2  
  85  8:46  Probe x3, Immortal  
  98  8:56  Pylon  
  98  8:58  Probe x3, Pylon  
  98  9:00  Pylon  
  101  9:08  Stalker  
  101  9:09  Stalker x3  
  108  9:14  Probe  
  108  9:15  Probe x2  
  108  9:27  Probe x3, Stalker x2  
  113  9:36  Probe  
  110  9:39  Probe x2, Immortal  
  110  9:42  Stalker x3  
  110  9:44  Probe  
  123  9:55  Pylon  
  123  9:58  Pylon  
  123  10:01  Assimilator x2  
  123  10:11  Nexus  
  123  10:12  Pylon  
  123  10:38  Stalker x4  
  123  10:39  Stalker x2  
  123  10:40  Immortal  
  139  10:49  Gateway  
  139  10:50  Gateway  
  139  10:53  Gateway  
  139  10:56  Gateway  
  139  10:59  Gateway  
  139  11:01  Gateway  
  139  11:06  Gateway  
  139  11:07  Stalker x2  
  139  11:08  Stalker x3  
  139  11:09  Gateway, Stalker  
  151  11:12  Gateway  
  151  11:15  Gateway  
  151  11:18  Gateway  
  151  11:21  Gateway  
  151  11:24  Pylon  
  151  11:26  Pylon  
  151  11:27  Immortal  
  151  11:28  Pylon  
  151  11:30  Pylon  
  151  11:32  Pylon  
  155  11:34  Pylon  
  155  12:00  Pylon  
  155  12:13  Immortal  
  159  12:20  Stalker  
  159  12:21  Stalker  
  163  12:36  Stalker x2  
  167  12:50  Stalker x4  
  167  12:51  Stalker x4  
  177  12:52  Stalker x4  
  177  12:53  Stalker x3  
  197  13:13  Forge  
  197  13:15  Forge  
  197  13:19  Forge  
  197  13:48  Photon Cannon  
  197  13:50  Photon Cannon  
  197  13:56  Photon Cannon  
  197  14:02  Photon Cannon  
  195  14:11  Pylon  
  195  14:15  Stalker x2  
  195  14:16  Pylon, Stalker x3  
  195  14:17  Stalker x4  
  180  14:18  Protoss Ground Weapons Level 1 (Chrono Boost), Protoss Ground Armor Level 1 (Chrono Boost), Stalker x4  
  180  14:19  Protoss Shields Level 1 (Chrono Boost), Stalker x3  
  200  14:37  Probe  
  200  14:38  Probe x3  
  200  14:40  Nexus  
  200  14:41  Stalker  
  200  14:42  Stalker x2  
  200  14:43  Stalker x3  
  200  14:45  Stalker x2  
  199  14:47  Stalker x2  
  199  14:50  Probe x4  
  195  14:56  Observer (Chrono Boost)  
  176  15:17  Probe x4  
  176  15:20  Stalker  
  176  15:21  Stalker x5  
  176  15:22  Stalker x3  
  176  15:23  Stalker x5  
  176  15:24  Stalker x3  
  198  15:29  Probe x4  
  198  15:35  Photon Cannon  
  198  15:37  Photon Cannon  
  198  15:38  Photon Cannon  
  198  15:41  Photon Cannon  
  196  15:53  Pylon  
  190  15:58  Probe  
  190  15:59  Probe x2  
  193  16:09  Nexus  
  191  16:11  Pylon  
  187  16:22  Unknown  
  187  16:24  Photon Cannon  
  187  16:25  Photon Cannon  
  177  16:37  Nexus  
  177  16:39  Pylon  
  173  16:46  Photon Cannon  
  165  16:48  Photon Cannon  
  165  16:53  Twilight Council  
  163  17:00  Stalker x2  
  163  17:01  Stalker x3  
  165  17:04  Stalker  
  157  17:22  Stalker x3  
  155  17:23  Stalker x3  
  155  17:24  Stalker x3  
  155  17:25  Stalker x4  
  155  17:26  Stalker  
  155  17:27  Stalker  
  155  17:29  Stalker  
  179  17:31  Observer  
  180  17:40  Photon Cannon  
  180  17:42  Photon Cannon  
  180  17:52  Assimilator x2  
  180  17:57  Stalker x2  
  180  17:58  Stalker x4  
  190  18:00  Stalker  
  190  18:03  Stalker  
  196  18:05  Stalker  
  196  18:09  Probe x2  
  189  18:20  Probe x2  
  189  18:21  Probe x2  
  188  18:30  Probe  
  188  18:31  Probe x2  
  188  18:32  Probe x2  
  188  18:33  Probe x2  
  195  18:43  Probe x3  
  198  19:51  Probe x2  
  200  20:07  Assimilator x2  
  186  21:28  Probe x6  
  178  21:33  Stalker x5  
  178  21:34  Stalker x4  
  178  21:35  Nexus, Stalker x4  
  178  21:36  Stalker  
  178  21:39  Stalker  
  198  21:40  Probe x2  
  198  21:41  Stalker  
  196  22:22  Probe x4  
  200  22:25  Pylon  
Tags
 
Add a new tag
Caveats
  • Supply blocks, unpowered buildings, or Contaminate may cause inaccurate times.
  • Supply counts are checked every 10 seconds.